 Dungeon Crawl Stone Soup version 0.23.2-1-ga50397a (webtiles) character file.

Game seed: 1602520318058197192

153645 Dezc2000 the Thrower (level 17, -10/172 HPs)
             Began as a Troll Assassin on May 19, 2019.
             Was the Champion of Okawaru.
             Killed by the air
             ... invoked by a spriggan air mage
              (23 damage)
             ... on level 2 of the Depths on May 25, 2019.
             The game lasted 03:29:59 (32955 turns).

Dezc2000 the Thrower (Troll Assassin)              Turns: 32955, Time: 03:30:00

Health: -10/172    AC: 20    Str: 26    XL:     17   Next: 5%
Magic:  21/21      EV: 11    Int: 11    God:    Okawaru [******]
Gold:   598        SH: 11    Dex: 11    Spells: 16/16 levels left

rFire    . . .     SeeInvis .     - Unarmed
rCold    . . .     Gourm    +   l - +0 shield {AC+3}
rNeg     . . .     Faith    .   f - quicksilver dragon scales
rPois    +         Spirit   .   F - +2 hat
rElec    .         Reflect  .   R - scarf {repulsion}
rCorr    .         Harm     .   (gloves unavailable)
MR       +++..                  (boots unavailable)
Stlth    ++........             A - amulet of rage
HPRegen  0.78/turn              W - +5 ring of intelligence
MPRegen  0.17/turn              E - ring "Kyru Tug" {rPois MR+ Int-3 Slay+3 Stlth+}

@: heavily drained, repel missiles
A: large, unfitting armour, claws 3, fast metabolism 3, gourmand, regeneration
1, shaggy fur 1, tough skin 3
a: Heroism, Finesse, Renounce Religion, Evoke Berserk Rage


You were on level 2 of the Depths.
You worshipped Okawaru.
Okawaru was exalted by your worship.
You were very full.

You visited 6 branches of the dungeon, and saw 28 of its levels.
You also visited: Gauntlet and Ice Cave.

You collected 2002 gold pieces.
You spent 1404 gold pieces at shops.

Inventory:

Hand Weapons
 a - the +11 hunting sling of Light {freeze, rN+}
   (You found it on level 14 of the Dungeon)

   It causes projectiles fired from it to freeze those they strike, causing
   extra injury to most foes and up to half again as much damage against
   particularly susceptible opponents.
   They can also slow down cold-blooded creatures.
   It protects you from negative energy.
 c - a +3 blowgun
 q - a +2 hunting sling of freezing
Missiles
 e - 26 large rocks (quivered)
 C - 2 needles of confusion
 D - 178 sling bullets
 K - 16 curare-tipped needles
Armour
 d - +0 fire dragon scales
 f - quicksilver dragon scales (worn)
 l - a +0 shield of protection (worn)
 z - a +0 cloak of poison resistance
 F - a +2 hat (worn)
 L - a +0 troll leather armour
 R - a scarf of repulsion (worn)
 Z - a +2 robe of cold resistance
Jewellery
 A - an amulet of rage (around neck)
 E - the ring "Kyru Tug" (right claw) {rPois MR+ Int-3 Slay+3 Stlth+}
   (You found it in a Gauntlet)

   [ring of slaying]

   It affects your intelligence (-3).
   It affects your accuracy and damage with ranged weapons and melee attacks
   (+3).
   It protects you from poison.
   It affects your resistance to hostile enchantments.
   It makes you more stealthy.
 W - a +5 ring of intelligence (left claw)
 Y - an uncursed ring of flight
Wands
 p - a wand of random effects (16)
 v - a wand of digging (6)
 I - a wand of iceblast (17)
 N - a wand of disintegration (49)
 V - a wand of acid (24)
Scrolls
 j - 6 scrolls of teleportation
 k - a scroll of vulnerability {unknown}
 m - 5 scrolls of remove curse
 o - a scroll of silence
 y - 2 scrolls of blinking
 B - 4 scrolls of fog
 O - a scroll of enchant armour
 Q - 4 scrolls of identify
 T - a scroll of magic mapping
 X - 2 scrolls of holy word
Potions
 b - a potion of cancellation
 i - 11 potions of curing
 n - 4 potions of resistance
 u - 5 potions of heal wounds
 w - 6 potions of might
 x - 6 potions of agility
 H - 5 potions of haste
 S - a potion of invisibility
Comestibles
 g - 43 rations
 r - a chunk of flesh


   Skills:
 + Level 11.8(10.4) Fighting
   Level 1.5(0.4) Short Blades
 - Level 6.0(7.8) Slings
 + Level 13.5(12.7) Throwing
 - Level 8.6(7.3) Armour
 - Level 8.0(6.7) Dodging
 - Level 2.1(1.0) Stealth
 * Level 8.3(7.0) Shields
 - Level 12.6(11.1) Unarmed Combat
 - Level 7.0(5.7) Invocations
 - Level 3.0(1.9) Evocations


You had 16 spell levels left.
You didn't know any spells.
Your spell library contained the following spells:

 Spells                   Type           Power        Failure   Level  Hunger
 Animate Skeleton         Necr           N/A          61%         1    ##.....
 Apportation              Tloc           #.....       61%         1    ##.....
 Confusing Touch          Hex            #.....       61%         1    ##.....
 Freeze                   Ice            #...         61%         1    ##.....
 Pain                     Necr           #...         61%         1    ##.....
 Summon Small Mammal      Summ           #...         61%         1    ##.....
 Poisonous Vapours        Pois/Air       #.....       75%         2    ###....
 Throw Frost              Conj/Ice       #.....       75%         2    ###....
 Conjure Flame            Conj/Fire      #.......     93%         3    ####...
 Ignite Poison            Fire/Tmut/Pois #.......     93%         3    ####...
 Mephitic Cloud           Conj/Pois/Air  #.......     93%         3    ####...
 Ozocubu's Armour         Chrm/Ice       #.......     93%         3    ####...
 Regeneration             Chrm/Necr      #.........   93%         3    ####...
 Vampiric Draining        Necr           #.........   93%         3    ####...
 Animate Dead             Necr           N/A          100%        4    #####..
 Cause Fear               Hex            #.........   100%        4    #####..
 Sticky Flame             Conj/Fire      #.......     100%        4    #####..
 Summon Ice Beast         Ice/Summ       #.......     100%        4    #####..
 Throw Icicle             Conj/Ice       #.......     100%        4    #####..
 Excruciating Wounds      Chrm/Necr      #.........   100%        5    ######.
 Fireball                 Conj/Fire      #.........   100%        5    ######.
 Silence                  Hex/Air        #.........   100%        5    ######.
 Yara's Violent Unravell  Hex/Tmut       #.........   100%        5    ######.
 Bolt of Fire             Conj/Fire      #.........   100%        6    #######
 Deflect Missiles         Chrm/Air       #.........   100%        6    #######
 Freezing Cloud           Conj/Ice/Air   #.........   100%        6    #######
 Ring of Flames           Chrm/Fire      #.........   100%        7    #######
 Discord                  Hex            #.........   100%        8    #######
 Ignition                 Fire           #.........   100%        8    #######


Dungeon Overview and Level Annotations

Branches:
Dungeon (15/15)            Temple (1/1) D:5            Lair (6/6) D:9
 Shoals (0/4) Lair:2        Snake (1/4) Lair:4        Slime (0/5) Lair:6
    Orc (2/2) D:11            Elf (0/3) Orc:2        Vaults (0/5) D:13
 Depths (3/5) D:15

Altars:
Ashenzari
Cheibriados
Dithmenos
Elyvilon
Fedhas
Gozag
Hepliaklqana
Kikubaaqudgha
Makhleb
Nemelex Xobeh
Okawaru
Qazlal
Ru
Sif Muna
Trog
Uskayaw
Vehumet
Wu Jian
Xom
Yredelemnul
Zin
The Shining One

Shops:
D:8 (   D:15 [   Orc:2 ?}[!?

Portals:
Hell: Depths:1
Pandemonium: Orc:2

Annotations:
Lair:1 exclusion: 3 oklob plants
Depths:1 4 runed translucent doors, Boifuxo's ghost, veteran GnEn; Yfref's ghost, journeyman MiFi


Innate Abilities, Weirdness & Mutations

You are too large for most types of armour.
You have claws for hands.
Your metabolism is lightning-fast.
You like to eat raw meat.
Your natural rate of healing is unusually fast.
You are covered in fur. (AC +1)
You have extremely tough skin. (AC +3)


Message History

The frost giant points at you and mumbles some strange words.
The bolt of cold hits you!!
You scratch the frost giant.
The frost giant is heavily wounded.
The frost giant gestures at you while chanting.
The bolt of cold hits you!!
You are too injured to fight recklessly!
You are too injured to fight recklessly!
You are too injured to fight recklessly!
You mangle the frost giant!!
The frost giant is severely wounded.
The frost giant points at you and mumbles some strange words.
The bolt of cold hits you!!!
* * * LOW HITPOINT WARNING * * *
As you read the scroll of fear, it crumbles to dust.
You assume a fearsome visage.
The fire dragon looks frightened!
The frost giant looks frightened!
The spriggan air mage easily resists.
The spriggan air mage waves its arms in wide circles.
The air twists around and strikes you!
You die... +#######..# ##......#... .?#.##..#+#.⌠ #( #.#.#..#..P . %#..##)#'#.> .#..#...).(#... #iD

#.#.#.####. ##C#+
##+#)## ##
##@#.####.#.#.#
#......#..)...#
#.##..#+#.##..##
#..#.#).#..#.#..#
##..##.#)#..##.##
#......#......#
###.#######.###
## ###


You could see a frost giant (fleeing), a fire dragon (fleeing) and a spriggan
air mage.

Vanquished Creatures
  Rupert (Orc:2)
  Kirke (D:14)
  An orc warlord (Orc:2)
  A stone giant (Depths:1)
  A vampire knight (Depths:1)
  A minotaur (Gauntlet)
  An ettin (Depths:1)
  2 fire dragons (Depths:1)
  A deep elf death mage (Depths:2)
  A death ooze (Gauntlet)
  A great orb of eyes (Depths:1)
  2 rakshasas
  2 yaktaur captains
  A naga warrior (Lair:4)
  7 hydras
  3 ice dragons (Depths:1)
  A ghost crab (Gauntlet)
  Harold (D:11)
  4 vault guards (D:13)
  5 centaur warriors
  A merfolk avatar (Lair:6)
  4 catoblepae
  9 two-headed ogres
  An ogre mage (Depths:1)
  11 death yaks
  2 tengu warriors (D:14)
  4 deep troll shamans (Depths:1)
  5 deep troll earth magi (Depths:1)
  2 spriggan berserkers (Depths:2)
  Urug (Orc:2)
  4 orc high priests (Orc:2)
  A shock serpent (Lair:4)
  A naga sharpshooter (Lair:4)
  2 soul eaters (Orc:2)
  Sonja (Orc:2)
  2 iron trolls (Depths:1)
  5 skeletal warriors
  A golden dragon zombie (D:15)
  A sixfirhy (Orc:2)
  3 unseen horrors
  2 sea snakes
  A wizard (Depths:2)
  2 flayed ghosts
  Pikel (D:7)
  7 deep trolls (Depths:1)
  2 gelid demonspawn (Orc:2)
  A glowing orange brain (Depths:1)
  An infernal demonspawn (Orc:2)
  A harpy (Lair:6)
  A deep elf mage (D:14)
  2 phantasmal warriors (Depths:1)
  A necromancer (D:15)
  4 orc knights (Orc:2)
  2 frost giant zombies (D:15)
  10 orc sorcerers (Orc:2)
  3 oklob plants
  4 cyclopes
  A salamander (Lair:4)
  16 ugly things
  4 manticores
  5 elephants
  A guardian serpent (Snake:1)
  A stone giant skeleton (D:15)
  Joseph (D:8)
  2 black mambas (Lair:4)
  16 spiny frogs
  4 komodo dragons
  12 yaktaurs
  A minotaur zombie (Gauntlet)
  6 rime drakes
  5 centaur skeletons
  A hellwing (Orc:2)
  3 trolls
  14 polar bears
  Grinder (D:4)
  A meliai (shapeshifter) (Depths:2)
  2 tengu conjurers
  2 hornets
  5 slime creatures
  34 blink frogs
  12 hippogriffs
  2 shadows
  Sigmund (D:3)
  A centaur simulacrum (Gauntlet)
  14 wyverns
  3 wraiths
  69 yaks
  A human (D:8)
  3 hogs (D:14)
  2 basilisks
  2 vampire mosquitoes (D:15)
  A steam dragon (Lair:3)
  2 hungry ghosts
  6 nagas
  Edmund (D:4)
  3 wargs
  A soldier ant (D:13)
  10 water moccasins
  An acid dragon (D:15)
  6 porcupines
  35 orc warriors
  3 sky beasts
  8 ice beasts
  2 black bears
  7 phantoms
  A boggart (Depths:2)
  6 ogres
  6 wolves
  13 centaurs
  10 crocodiles
  A big kobold (D:10)
  10 bullfrogs
  3 scorpions
  A hornet simulacrum (Gauntlet)
  4 wights
  6 killer bees (D:13)
  An electric eel (Lair:3)
  3 howler monkeys
  A wyvern simulacrum (Gauntlet)
  6 crimson imps
  2 quasits
  2 centaur zombies
  24 orc priests
  2 bullfrog skeletons
  6 hounds
  28 orc wizards
  A jelly (D:6)
  Terence (D:3)
  2 iguanas
  9 worker ants
  A bullfrog simulacrum (Gauntlet)
  2 hound skeletons
  A worker ant zombie (D:7)
  A howler monkey skeleton (D:9)
  5 gnolls
  5 adders
  6 shadow imps
  12 white imps (Lair:4)
  3 oozes
  An adder skeleton (D:7)
  5 worms
  2 dart slugs
  4 leopard geckos
  79 orcs
  A ball python (D:2)
  2 giant cockroaches
  12 goblins
  7 hobgoblins
  10 jackals
  10 kobolds
  2 quokkas
  7 bats
  10 frilled lizards
  2 jackal skeletons
  2 leopard gecko skeletons
  A quokka skeleton (D:7)
  6 rats
  A fungus (D:9)
  4 plants
831 creatures vanquished.

Vanquished Creatures (others)
  A hornet (shapeshifter) (Depths:2)
  A wight (D:14)
  2 orc wizards (D:14)
  2 orcs (D:14)
  4 bushes
  37 fungi
  45 plants
92 creatures vanquished.

Grand Total: 923 creatures vanquished

Notes
Turn   | Place    | Note
-------+----------+-------------------------------------------
     0 | D:1      | Dezc2000 the Troll Assassin began the quest for the Orb.
     0 | D:1      | Reached XP level 1. HP: 19/19 MP: 0/0
    31 | D:1      | Reached skill level 2 in Throwing
    38 | D:1      | Reached XP level 2. HP: 28/28 MP: 1/1
   120 | D:1      | Reached skill level 1 in Unarmed Combat
   317 | D:1      | Reached XP level 3. HP: 35/35 MP: 2/2
   944 | D:2      | Found a sparkling altar of Nemelex Xobeh.
   963 | D:2      | Reached XP level 4. HP: 44/44 MP: 3/3
  1631 | D:3      | Reached skill level 3 in Throwing
  1717 | D:3      | Noticed Terence
  1717 | D:3      | Noticed Sigmund
  1745 | D:3      | Killed Terence
  1745 | D:3      | Reached XP level 5. HP: 31/52 MP: 4/4
  1798 | D:3      | Killed Sigmund
  1798 | D:3      | Reached XP level 6. HP: 61/61 MP: 5/5
  2225 | D:4      | You fall through a shaft!
  2225 | D:5      | Entered Level 5 of the Dungeon
  2225 | D:5      | Found a staircase to the Ecumenical Temple.
  2258 | Temple   | Entered the Ecumenical Temple
  2411 | D:5      | Found an iron altar of Okawaru.
  2411 | D:5      | Found a hazy altar of Hepliaklqana.
  2411 | D:5      | Found a shattered altar of Ashenzari.
  2423 | D:5      | Became a worshipper of Warmaster Okawaru
  2467 | D:4      | Noticed an ice beast
  2479 | D:4      | Killed an ice beast
  2479 | D:4      | Reached skill level 4 in Throwing
  2542 | D:4      | Noticed Edmund
  2564 | D:4      | Killed Edmund
  2564 | D:4      | Reached XP level 7. HP: 26/70 MP: 6/6
  2705 | D:4      | Noticed Grinder
  2711 | D:4      | Killed Grinder
  2711 | D:4      | Reached * piety under Okawaru
  3424 | D:4      | Reached skill level 5 in Throwing
  3424 | D:4      | Reached skill level 5 in Unarmed Combat
  3550 | D:5      | Reached XP level 8. HP: 52/79 MP: 7/7
  4035 | D:6      | Reached skill level 5 in Fighting
  4101 | D:6      | Reached ** piety under Okawaru
  4101 | D:6      | Reached skill level 1 in Evocations
  4576 | D:6      | Reached skill level 6 in Throwing
  4704 | D:7      | Reached XP level 9. HP: 88/88 MP: 8/10
  4743 | D:7      | Reached *** piety under Okawaru
  4767 | D:7      | Noticed Pikel
  4894 | D:7      | Killed Pikel
  5213 | D:7      | Found an ancient bone altar of Kikubaaqudgha.
  5324 | D:7      | Found a shadowy altar of Dithmenos.
  5424 | D:8      | Reached skill level 7 in Throwing
  5442 | D:8      | Noticed a two-headed ogre
  5604 | D:8      | Killed a two-headed ogre
  5604 | D:8      | Reached **** piety under Okawaru
  5604 | D:8      | Reached XP level 10. HP: 34/100 MP: 11/11
  5800 | D:8      | Noticed Joseph
  5811 | D:8      | Killed Joseph
  6045 | D:8      | Found Duaxtaw's Antique Weapon Shop.
  6262 | D:9      | Noticed a two-headed ogre
  6519 | D:9      | Killed a two-headed ogre
  6519 | D:9      | Reached ***** piety under Okawaru
  6519 | D:9      | Reached skill level 8 in Throwing
  6674 | D:9      | Found a staircase to the Lair.
  7369 | D:9      | Found a bloodstained altar of Trog.
  7370 | D:9      | Found a burning altar of Makhleb.
  7492 | D:10     | Entered Level 10 of the Dungeon
  7769 | D:10     | Reached skill level 1 in Shields
  7871 | D:10     | Received a gift from Okawaru
  8414 | D:11     | Noticed Harold
  8414 | D:11     | Noticed a two-headed ogre
  8417 | D:11     | Noticed a green ugly thing
  8423 | D:11     | Noticed a green ugly thing
  8433 | D:11     | Noticed a skeletal warrior
  8433 | D:11     | Noticed a skeletal warrior
  8443 | D:11     | Reached skill level 9 in Throwing
  8443 | D:11     | Reached XP level 11. HP: 35/111 MP: 12/12
  8650 | Lair:1   | Entered Level 1 of the Lair of Beasts
  9399 | Lair:1   | Got a fine morningstar
  9400 | Lair:1   | Identified the cursed +2 morningstar of Inegacsy {elec,
                  | rC++ rN+} (You found it on level 1 of the Lair of Beasts)
  9525 | Lair:1   | Noticed an oklob plant
  9534 | Lair:1   | Killed an oklob plant
  9573 | Lair:1   | Noticed an oklob plant
  9663 | Lair:1   | Noticed an oklob plant
  9663 | Lair:1   | Noticed an oklob plant
 10094 | Lair:2   | Noticed a five-headed hydra
 10133 | Lair:2   | Reached skill level 5 in Shields
 10252 | Lair:2   | Noticed a six-headed hydra
 10356 | Lair:2   | Killed a six-headed hydra
 10536 | Lair:2   | Found a staircase to the Shoals.
 10708 | Lair:2   | Killed a five-headed hydra
 10920 | Lair:2   | Noticed a catoblepas
 10958 | Lair:2   | Killed a catoblepas
 11537 | Lair:3   | Reached skill level 1 in Dodging
 11970 | Lair:3   | Reached XP level 12. HP: 119/119 MP: 13/13
 12018 | Lair:3   | Received a gift from Okawaru
 12969 | Lair:3   | Reached skill level 5 in Dodging
 13326 | Lair:4   | Found a frozen archway.
 13458 | IceCv    | Entered an ice cave
 14263 | Lair:4   | Found a staircase to the Snake Pit.
 14395 | Lair:4   | Noticed a catoblepas
 14420 | Lair:4   | Killed a catoblepas
 14420 | Lair:4   | Received a gift from Okawaru
 14640 | Lair:4   | Reached skill level 10 in Unarmed Combat
 14701 | Lair:4   | Reached XP level 13. HP: 95/128 MP: 14/14
 15214 | Lair:4   | Got a transparent hand axe
 15215 | Lair:4   | Identified the +7 hand axe "Buet Acwa" {freeze, rN+} (You
                  | found it on level 4 of the Lair of Beasts)
 16151 | Lair:4   | Reached ****** piety under Okawaru
 16537 | Lair:5   | Received a gift from Okawaru
 16538 | Lair:5   | Got an iridescent war axe {god gift}
 17328 | Lair:6   | Entered Level 6 of the Lair of Beasts
 17342 | Lair:6   | Reached skill level 10 in Fighting
 17653 | Lair:5   | Reached skill level 1 in Invocations
 18253 | Lair:5   | Received a gift from Okawaru
 18641 | Lair:6   | Reached XP level 14. HP: 101/144 MP: 16/16
 18735 | Lair:5   | Reached skill level 5 in Invocations
 19277 | D:11     | Found a staircase to the Orcish Mines.
 19455 | D:11     | Killed Harold
 19666 | D:11     | Received a gift from Okawaru
 19969 | D:11     | Received a gift from Okawaru
 20525 | D:12     | Reached skill level 1 in Armour
 21118 | D:13     | Identified the +5 war axe of Zotruc {elec, rElec Int+3
                  | Dex-2} (Okawaru gifted it to you on level 5 of the Lair of
                  | Beasts)
 21177 | D:13     | Found a gate to the Vaults.
 21191 | D:13     | Received a gift from Okawaru
 21214 | D:13     | Reached skill level 10 in Throwing
 22377 | D:14     | Noticed Kirke
 22404 | D:14     | Killed Kirke
 22477 | D:14     | Received a gift from Okawaru
 22477 | D:14     | Reached skill level 11 in Throwing
 22846 | D:14     | Got a sapphire hunting sling
 22847 | D:14     | Identified the +11 hunting sling of Light {freeze, rN+}
                  | (You found it on level 14 of the Dungeon)
 23608 | Lair:6   | Reached XP level 15. HP: 153/153 MP: 19/19
 23891 | Lair:6   | Reached skill level 1 in Slings
 24864 | Lair:6   | Found a staircase to the Slime Pits.
 25073 | Orc:1    | Entered Level 1 of the Orcish Mines
 25793 | Orc:2    | Entered Level 2 of the Orcish Mines
 25869 | Orc:2    | Found Syroikeo's Magic Scroll Boutique.
 25883 | Orc:2    | Bought a scroll of fear for 59 gold pieces
 25911 | Orc:2    | Found a staircase to the Elven Halls.
 25919 | Orc:2    | Received a gift from Okawaru
 25947 | Orc:2    | Noticed an orc warlord
 25990 | Orc:2    | Killed an orc warlord
 25990 | Orc:2    | Received a gift from Okawaru
 26196 | Orc:2    | Found a gate leading to a gauntlet.
 26205 | Gauntlet | Entered a Gauntlet
 26205 | Gauntlet | Found a large runed translucent door.
 26205 | Gauntlet | Found a large runed translucent door.
 26205 | Gauntlet | Found a large runed translucent door.
 26205 | Gauntlet | Found a large runed translucent door.
 26205 | Gauntlet | Found a large runed translucent door.
 26205 | Gauntlet | Found a transporter.
 26205 | Gauntlet | Found a large runed translucent door.
 26205 | Gauntlet | Found a large runed translucent door.
 26205 | Gauntlet | Found a large runed translucent door.
 26205 | Gauntlet | Found a runed translucent door.
 26205 | Gauntlet | Found a runed translucent gate.
 26205 | Gauntlet | Found a runed translucent gate.
 26205 | Gauntlet | Found a transporter.
 26205 | Gauntlet | Found a transporter.
 26210 | Gauntlet | Found a runed translucent door.
 26211 | Gauntlet | Found a large runed translucent door.
 26211 | Gauntlet | Found a large runed translucent door.
 26211 | Gauntlet | Found a large runed translucent door.
 26211 | Gauntlet | Found a large runed translucent door.
 26212 | Gauntlet | Found a large runed translucent door.
 26212 | Gauntlet | Found a large runed translucent door.
 26213 | Gauntlet | Found a large runed translucent door.
 26213 | Gauntlet | Found a large runed translucent door.
 26222 | Gauntlet | Found a runed translucent gate.
 26227 | Gauntlet | Found a transporter.
 26239 | Gauntlet | Found a transporter.
 26240 | Gauntlet | Found a transporter.
 26250 | Gauntlet | Found a transporter.
 26269 | Gauntlet | Found a transporter.
 26272 | Gauntlet | Found a transporter.
 26275 | Gauntlet | Found a transporter.
 26307 | Gauntlet | Found a transporter.
 26310 | Gauntlet | Found a transporter.
 26467 | Gauntlet | Reached skill level 5 in Slings
 26613 | Gauntlet | Got a sparkling tin ring
 26623 | Gauntlet | Identified the ring "Kyru Tug" {rPois MR+ Int-3 Slay+3
                  | Stlth+} (You found it in a Gauntlet)
 26666 | Gauntlet | Identified the Collected Works on Burning Dark Arts
 26781 | Orc:2    | Noticed Urug
 26795 | Orc:2    | Killed Urug
 26832 | Orc:2    | Noticed Rupert
 26836 | Orc:2    | Paralysed by Rupert for 5 turns
 26847 | Orc:2    | Killed Rupert
 26931 | Orc:2    | Noticed Sonja
 26936 | Orc:2    | Killed Sonja
 26989 | Orc:2    | Found Dolalos's Distillery.
 27043 | Orc:2    | Found Rim Uvurr's Magic Scroll Emporium.
 27276 | Orc:2    | Received a gift from Okawaru
 27306 | Orc:2    | Bought a potion of heal wounds for 75 gold pieces
 27306 | Orc:2    | Bought 2 potions of heal wounds for 150 gold pieces
 27308 | Orc:2    | Bought a scroll of teleportation for 39 gold pieces
 27308 | Orc:2    | Bought a scroll of enchant armour for 97 gold pieces
 27308 | Orc:2    | Bought a scroll of teleportation for 39 gold pieces
 27308 | Orc:2    | Bought a scroll of magic mapping for 45 gold pieces
 27544 | Orc:2    | Received a gift from Okawaru
 27659 | Orc:2    | Received a gift from Okawaru
 27833 | Orc:2    | Reached skill level 12 in Throwing
 28101 | Orc:2    | Found Xecherch's Gadget Shop.
 28101 | Orc:2    | Found Hotumn's Antique Armour Boutique.
 28103 | Orc:2    | Found a one-way gate leading to the halls of Pandemonium.
 28386 | Snake:1  | Entered Level 1 of the Snake Pit
 28399 | Lair:4   | Received a gift from Okawaru
 28520 | Lair:4   | Received a gift from Okawaru
 28654 | Lair:4   | Reached XP level 16. HP: 103/163 MP: 20/20
 28933 | D:15     | Entered Level 15 of the Dungeon
 29013 | D:15     | Received a gift from Okawaru
 29156 | D:15     | Received a gift from Okawaru
 29299 | D:15     | Received a gift from Okawaru
 29456 | D:15     | Found Qofidgh's Armour Shop.
 29464 | D:15     | Bought quicksilver dragon scales for 900 gold pieces
 29913 | D:15     | Received a gift from Okawaru
 29962 | D:15     | Reached skill level 5 in Armour
 29978 | D:15     | Found a staircase to the Depths.
 30231 | Depths:1 | Entered Level 1 of the Depths
 30239 | Depths:1 | Received a gift from Okawaru
 31053 | Depths:1 | Reached skill level 13 in Throwing
 31269 | Depths:1 | Found a gateway to Hell.
 31273 | Depths:1 | Found a runed translucent gate.
 31273 | Depths:1 | Noticed an ancient lich
 31276 | Depths:1 | Noticed Boifuxo's ghost (veteran GnEn)
 31279 | Depths:1 | Found a runed translucent gate.
 31279 | Depths:1 | Found an ancient bone altar of Kikubaaqudgha.
 31279 | Depths:1 | Noticed an ancient lich
 31279 | Depths:1 | Noticed an ancient lich
 31279 | Depths:1 | Noticed Yfref's ghost (journeyman MiFi)
 31280 | Depths:1 | Found a runed translucent gate.
 31319 | Depths:1 | Found a runed translucent door.
 32121 | Depths:1 | Received a gift from Okawaru
 32634 | Depths:2 | You fall through a shaft!
 32772 | Depths:2 | Reached XP level 17. HP: 172/172 MP: 21/21
 32955 | Depths:2 | Killed from afar by a spriggan air mage

Skill      XL: |  1  2  3  4  5  6  7  8  9 10 11 12 13 14 15 16 |
---------------+-------------------------------------------------+-----
Throwing       | 2 3 4 5 6 7 9 11 12 13 | 13.5
Unarmed Combat | 1 2 3 4 5 6 7 9 10 11 12 | 12.6
Fighting       | 2 3 4 5 6 7 8 10 11 | 11.8
Evocations     | 2 3 |  3.0
Shields        | 2 8 |  8.3
Dodging        | 2 8 |  8.0
Invocations    | 4 7 |  7.0
Armour         | 4 8 |  8.6
Slings         | 6 |  6.0
Short Blades   | |  1.5
Stealth        | |  2.1

Action                   |  1- 3 |  4- 6 |  7- 9 | 10-12 | 13-15 | 16-18 || total
-------------------------+-------+-------+-------+-------+-------+-------++-------
Melee: Unarmed           |   122 |   107 |   220 |   644 |  1216 |   343 ||  2652
       Punch             |       |       |     4 |     8 |       |       ||    12
 Fire: Blowgun           |       |     6 |    12 |   125 |   124 |       ||   267
       Hunting sling     |       |       |       |       |   321 |   154 ||   475
Throw: Tomahawk          |       |     5 |    60 |    83 |   112 |       ||   260
       Javelin           |       |       |     5 |    15 |       |       ||    20
       Large rock        |       |       |       |       |    74 |    84 ||   158
       Throwing net      |       |       |       |       |     1 |       ||     1
Invok: Heroism           |       |       |       |     2 |       |     1 ||     3
       Finesse           |       |       |       |     1 |     4 |     2 ||     7
 Abil: Evoke Berserk Rag |       |       |       |       |     1 |       ||     1
Evoke: Wand              |       |       |       |    31 |    12 |       ||    43
  Use: Scroll            |       |     9 |       |    13 |    12 |     5 ||    39
       Potion            |       |       |       |     8 |     2 |     1 ||    11
 Stab: Sleeping          |     2 |     2 |     1 |     3 |     2 |     1 ||    11
       Invisible         |       |       |       |       |     1 |       ||     1
       Distracted        |       |       |       |       |     1 |     1 ||     2
  Eat: Chunk             |    14 |    14 |    25 |    72 |   123 |    35 ||   283
       Ration            |       |       |       |     4 |       |     3 ||     7
Armor: Robe              |    54 |    51 |    76 |   187 |    85 |       ||   453
       Troll leather arm |       |       |       |       |   309 |    31 ||   340
       Quicksilver drago |       |       |       |       |       |    86 ||    86
Dodge: Dodged            |    58 |    47 |    64 |   224 |   473 |   109 ||   975
       Deflected         |       |       |       |       |       |     9 ||     9
Block: Shield            |       |       |       |   213 |   589 |   151 ||   953
